 Dungeon Crawl Stone Soup version 0.14-a0-1076-gee4852e (webtiles) character file.

417 Leibowitz the Ducker (level 6, 0/36 HPs)
             Began as a Kobold Gladiator on Nov 24, 2013.
             Succumbed to poison (a potion of poison)
             ... on Level 4 of the Dungeon on Nov 25, 2013.
             The game lasted 00:13:08 (5099 turns).

Leibowitz the Ducker (Kobold Gladiator)             Turns: 5099, Time: 00:13:09

HP   0/36        AC  2     Str 15      XL: 6   Next:  7%
MP   5/5         EV 18     Int 12      God:
Gold 217         SH  0     Dex 15 (17) Spells:  0 memorised,  5 levels left

rFire  . . .     SeeInvis .     v - +1,+3 dwarf dagger (speed)
rCold  . . .     Clarity  .     e - +0 robe
rNeg   . . .     Conserve .     (no shield)
rPois  .         rCorr    .     c - +0 helmet
rElec  .         rRot     .     (no cloak)
SustAb . .       Spirit   .     (no gloves)
rMut   .         Warding  .     (no boots)
Saprov + + .     Stasis   .     (no amulet)
                                (no ring)
                                b - +4 ring of intelligence

@: short of breath, very poisoned, slightly resistant to hostile enchantments,
stealthy
A: disease resistance, carnivore 3, clever 1, deformed body, saprovore 2, spit
poison 1
a: Spit Poison


You were on level 4 of the Dungeon.
You were completely stuffed.

You visited 1 branch of the dungeon, and saw 4 of its levels.

You collected 217 gold pieces.

Inventory:

Hand weapons
 a - a +0,+0 short sword
 d - a +0,+0 dwarven short sword
 v - a +1,+3 dwarven dagger of speed (weapon)
Missiles
 g - 4 steel tomahawks (quivered)
Armour
 c - a +0 helmet (worn)
 e - a +0 robe (worn)
Comestibles
 f - a meat ration
Scrolls
 h - 3 scrolls of identify {unknown}
 j - a scroll of remove curse {unknown}
 k - 2 scrolls of enchant weapon I {unknown}
 l - 3 scrolls of teleportation {unknown}
 m - a scroll of curse jewellery {unknown}
 n - 2 scrolls of fear {unknown}
 o - a scroll of recharging {unknown}
 t - a scroll of fog {unknown}
Jewellery
 b - a +4 ring of intelligence (left hand)
Potions
 i - a potion of speed


   Skills:
 + Level 2.4 Fighting
 + Level 5.1 Short Blades
 - Level 2.6 Throwing
 * Level 6.1 Dodging
 * Level 3.1 Stealth


You had 5 spell levels left.
You didn't know any spells.

Dungeon Overview and Level Annotations

Branches:
Dungeon (4/16)
 Temple: D:4-7

Altars:
Nemelex Xobeh

Annotations:
D:4 Eustachio


Innate Abilities, Weirdness & Mutations

You recuperate from illness quickly.
You are small and have problems with some larger weapons.
You are carnivorous and can eat meat at any time.
You can eat rotten meat.
Your mind is acute. (Int +2)
Armour fits poorly on your strangely shaped body.
You can spit poison.


Message History

You feel clumsy. The quasit claws you.
Eustachio hits you with a sabre of venom.
* * * LOW HITPOINT WARNING * * *
You are more poisoned.
Drink which item? (? for menu, Esc to quit)
That liquid tasted very nasty...
You are more poisoned.
It was a potion of poison.
* * * LOW HITPOINT WARNING * * *
You feel sick.
You feel a little better. The quasit barely misses you. The quasit claws you.
* * * LOW HITPOINT WARNING * * *
You feel clumsy. The quasit closely misses you. The iron imp barely misses you.
Eustachio gestures wildly while chanting.
Eustachio blinks!
Use which ability? (? or * to list)
You can't do that yet.
You die...

#...# #.# #.# #...#
#.# #.# #...# #.#
#.# #...#####.# #.#
#...'..r#.# #.#
#...###.#.#####.###
###...#........@..#
#####%###.#####.#.#
...5...........5@.#
#.###.#######.#.###
#.# #.# #.5ยง# #.#
#.# ###5# #.# #.#
#5# #.###.# ###
#.....# #######


You could see Eustachio, a quasit, an iron imp, a white imp and a shadow imp.

Vanquished Creatures
  An orc wizard (D:3)
  Jessica (D:2)
  Terence (D:3)
  A green rat (D:4)
  5 adders
  A giant mite (D:2)
  A white imp (D:4)
  A worm (D:3)
  3 giant geckos
  2 oozes (D:3)
  6 orcs
  A ball python (D:3)
  6 bats
  3 giant cockroaches
  9 hobgoblins
  10 jackals
  7 giant newts
  6 goblins
  7 kobolds
  A kobold skeleton (D:4)
  3 quokkas
  6 rats
  A rat skeleton (D:4)
83 creatures vanquished.

Notes
Turn   | Place    | Note
--------------------------------------------------------------
     0 | D:1      | Leibowitz, the Kobold Gladiator, began the quest for the Orb.
     0 | D:1      | Reached XP level 1. HP: 13/13 MP: 0/0
   519 | D:1      | Reached XP level 2. HP: 18/18 MP: 1/1
   972 | D:2      | Reached skill level 1 in Stealth
  1086 | D:2      | Noticed Jessica
  1101 | D:2      | Killed Jessica
  1101 | D:2      | Reached XP level 3. HP: 7/22 MP: 2/2
  1505 | D:2      | Reached XP level 4. HP: 15/28 MP: 3/3
  1780 | D:2      | Reached skill level 5 in Dodging
  3305 | D:3      | Reached XP level 5. HP: 32/32 MP: 4/4
  3369 | D:3      | Noticed Terence
  3371 | D:3      | Upgraded the game from 0.14-a0-1036-g6cac21b to 0.14-a0-1076-gee4852e
  3387 | D:3      | Killed Terence
  3798 | D:3      | Reached skill level 5 in Short Blades
  3807 | D:3      | Reached skill level 6 in Dodging
  4052 | D:3      | Found a sparkling altar of Nemelex Xobeh.
  4381 | D:4      | Reached XP level 6. HP: 36/36 MP: 5/5
  4519 | D:4      | Gained mutation: You can spit poison. [potion of mutation]
  4519 | D:4      | Gained mutation: Your mind is acute. (Int +2) [potion of mutation]
  4519 | D:4      | Gained mutation: Armour fits poorly on your strangely shaped body. [potion of mutation]
  4563 | D:4      | Noticed Eustachio
  5099 | D:4      | Succumbed to poison (a potion of poison)

Action                   |  1- 3 |  4- 6 || total
-------------------------+-------+-------++-------
Melee: Short sword       |    70 |   164 ||   234
       Dagger            |       |   153 ||   153
Throw: Tomahawk          |     7 |     7 ||    14
 Abil: Spit Poison       |       |     6 ||     6
  Use: Potion            |       |     7 ||     7
 Stab: Sleeping          |     2 |     5 ||     7
